 Dungeon Crawl Stone Soup version 0.27.1-37-g7b29ead8ac (console) character file.

Game seed: 9590213657738147430

126 grimtooth the Magician (level 4, -2/24 HPs)
             Began as a Deep Elf Hedge Wizard on Sept 20, 2023.
             Slain by a gnoll (12 damage)
             ... on level 3 of the Dungeon.
             The game lasted 00:09:24 (3225 turns).

grimtooth the Magician (Deep Elf Hedge Wizard)      Turns: 3225, Time: 00:09:25

Health: -2/24      AC:  4    Str:  7    XL:     4   Next: 83%
Magic:  10/12      EV: 12    Int: 26    God:
Gold:   97         SH:  0    Dex: 14    Spells: 6/11 levels left

rFire    . . .     SeeInvis .   a - +0 dagger
rCold    . . .     Faith    .   (no shield)
rNeg     . . .     Spirit   .   b - +0 robe
rPois    .         Reflect  .   o - +0 helmet
rElec    .         Harm     .   (no cloak)
rCorr    .         Rampage  .   d - +0 pair of gloves
Will     .....                  (no boots)
Stlth    ++........             (no amulet)
HPRegen  0.08/turn              p - +6 ring of intelligence
MPRegen  0.13/turn              (no ring)

@: no status effects
A: no striking features
a: no special abilities


You were on level 3 of the Dungeon.
You visited 1 branch of the dungeon, and saw 3 of its levels.

You collected 97 gold pieces.

Inventory:

Hand Weapons
 a - a +0 dagger (weapon)
Missiles
 f - 59 stones
 l - 8 javelins
Armour
 b - a +0 robe (worn)
 c - a +0 hat
 d - a +0 pair of gloves (worn)
 o - a +0 helmet (worn)
Magical Staves
 j - a staff of fire
Jewellery
 p - a +6 ring of intelligence (left hand)
Scrolls
 g - 2 scrolls of identify {unknown}
 h - a scroll of teleportation {unknown}
 k - 2 scrolls of enchant weapon {unknown}
 n - a scroll of vulnerability {unknown}
Potions
 e - 2 potions of might {unknown}
 i - 3 potions of curing {unknown}
 m - a potion of lignification {unknown}


   Skills:
 - Level 2.4 Dodging
 + Level 2.4 Stealth
 + Level 4.4 Spellcasting
 * Level 4.3 Conjurations
 - Level 3.0 Summonings
 - Level 1.1 Translocations


You had 6 spell levels left.
You knew the following spells:

 Your Spells              Type           Power      Damage    Failure   Level
a - Magic Dart            Conj           100%       1d8       1%          1
k - Blink                 Tloc           N/A        N/A       8%          2
P - Call Imp              Summ           21%        N/A       3%          2

Your spell library contained the following spells:

 Spells                   Type           Power      Damage    Failure   Level
 Beastly Appendage        Tmut           10%        N/A       9%          1
 Conjure Flame            Conj/Fire      16%        6-21      10%         3
 Passwall                 Tmut/Erth      4%         N/A       12%         2
 Slow                     Hex            5%         N/A       12%         2
 Mephitic Cloud           Conj/Pois/Air  13%        N/A       14%         3


Dungeon Overview and Level Annotations

Branches:
Dungeon (3/15)

Altars:


Message History

Your crimson imp hits the gnoll.
Something closely misses your crimson imp.
Your crimson imp closely misses the gnoll.
The gnoll hits your crimson imp with a +0 club.
Your crimson imp closely misses the gnoll.
The gnoll hits your crimson imp with a +0 club.
Your crimson imp barely misses the gnoll.
The gnoll misses your crimson imp.
Your crimson imp closely misses the gnoll.
The gnoll misses your crimson imp.
Your crimson imp hits the gnoll but does no damage.
The gnoll misses your crimson imp.
Your crimson imp completely misses the gnoll.
The gnoll barely misses your crimson imp.
Your crimson imp hits the gnoll.
The gnoll hits your crimson imp with a +0 club.
Your crimson imp hits the gnoll but does no damage.
The gnoll hits your crimson imp with a +0 club.
Your crimson imp hits the gnoll.
The gnoll dies!
You start resting.
Your crimson imp disappears in a puff of smoke!
Magic restored.
You see here a +0 club.
There is a stone staircase leading down here.
You start resting.
HP restored.
Memorise Blink, consuming 2 spell levels and leaving 6?
You start memorising the spell.
You continue memorising. x2
You finish memorising.
Spell assigned to 'k'.
You climb downwards.
The gnoll misses you.
There is a stone staircase leading up, spattered with blood here.
Casting: Magic Dart (safe; 1% risk of failure)
Confirm with . or Enter, or press ? or * to list all spells.
A beastly little devil appears in a puff of flame.
The gnoll hits you from afar with a +0 halberd!
Ouch! That really hurt!
The gnoll hits you from afar with a +0 halberd!
Ouch! That really hurt!
You die...

#### .... #..#
#..# ## #..# #.
######..# #.
#...##..# #.
#g#.##[.###.
#######.#......gg.
#@.5..#.#####.....
###########.####.#
#.####
#..........g.....#
#.####
#.#########.######
#.....
#.............#
######
###############


You could see a gnoll (ally target) and a friendly crimson imp (summoned).

Vanquished Creatures
  Robin (D:2)
  5 gnolls (D:2)
  A dart slug (D:1)
  An endoplasm (D:1)
  A giant cockroach (D:2)
  10 goblins
  6 hobgoblins
  2 jackals (D:2)
  3 quokkas (D:1)
  5 ball pythons
  6 bats
  3 frilled lizards
  2 kobolds
  6 rats
52 creatures vanquished.

Vanquished Creatures (collateral kills)
  2 gnolls (D:2)
  A bat (D:3)
3 creatures vanquished.

Grand Total: 55 creatures vanquished

Notes
Turn   | Place    | Note
-------+----------+-------------------------------------------
     0 | D:1      | grimtooth the Deep Elf Hedge Wizard began the quest for the
                  | Orb.
     0 | D:1      | Reached XP level 1. HP: 10/10 MP: 7/7
   329 | D:1      | Got the Disquisition on Shape Shifting
   424 | D:1      | Reached XP level 2. HP: 15/15 MP: 6/9
  1175 | D:2      | Reached XP level 3. HP: 19/19 MP: 4/10
  1264 | D:2      | Noticed Robin
  1573 | D:2      | Reached XP level 4. HP: 11/24 MP: 7/12
  1852 | D:2      | Learned a level 2 spell: Call Imp
  2043 | D:2      | Killed Robin
  2138 | D:2      | Found a faded altar of an unknown god.
  3222 | D:2      | Learned a level 2 spell: Blink
  3225 | D:3      | Slain by a gnoll

Illustrated notes

Levels and vault maps discovered:
D:1:      saegor_arrival_simple_a, layout_basic
D:2:      layout_rooms, shapermc_ecumenical_altar_ellora, uniq_robin
D:3:      layout_basic

Skill      XL: |  1  2  3  4 |
---------------+-------------+-----
Conjurations   | 2 3 4 |  4.3
Summonings     | 2 3 |  3.0
Dodging        | |  2.4
Stealth        | |  2.4
Spellcasting   | |  4.4
Translocations | |  1.1

Action                   |  1- 3 |  4- 6 || total
-------------------------+-------+-------++-------
 Cast: Magic Dart        |    79 |    50 ||   129
       Call Imp          |       |     8 ||     8
Armor: Robe              |       |     2 ||     2
Dodge: Dodged            |       |     8 ||     8
